Map: 2000 Atmospheres LE

Players

Serral - Winner!

  • Race: Zerg Zerg

Zoun

  • Race: Protoss Protoss

Event: TSL 7

VOD

Have the link to the VOD?

Description

Time

  • Played on: June 19, 2021, 3:39 p.m.
  • Length: 17:09

All games in this series

Show
View Real Time Build Order
Export as new Build Order

Serral Zerg - Winner!

Build Orders: Hatch First, Brood Lord Corruptor 

Get SALT Encoding   

  12  0:00  Drone  
  13  0:13  Overlord  
  13  0:17  Drone  
  14  0:32  Drone x2  
  16  0:43  Drone  
  17  0:52  Hatchery  
  17  0:56  Drone  
  17  0:59  Drone  
  18  1:10  Extractor  
  17  1:15  Spawning Pool  
  17  1:17  Drone  
  17  1:20  Drone  
  18  1:29  Drone  
  19  1:40  Drone  
  20  1:52  Overlord  
  20  2:02  Queen  
  20  2:04  Queen  
  20  2:05  Zergling x4  
  26  2:09  Metabolic Boost  
  26  2:12  Drone  
  26  2:15  Drone  
  28  2:23  Drone  
  28  2:26  Drone  
  30  2:37  Queen  
  30  2:43  Hatchery  
  31  2:45  Drone  
  31  2:48  Drone  
  33  2:52  Overlord  
  33  2:54  Drone  
  33  2:58  Drone  
  35  3:00  Drone  
  36  3:06  Overlord  
  36  3:12  Drone x3  
  39  3:13  Drone  
  40  3:20  Drone x2  
  40  3:21  Drone  
  40  3:24  Queen  
  45  3:29  Queen  
  45  3:33  Overlord  
  47  3:36  Drone  
  47  3:37  Drone  
  47  3:41  Zergling x2  
  50  3:43  Zergling x4  
  52  3:48  Overlord  
  52  3:53  Drone x5  
  57  3:58  Queen  
  57  4:00  Spore Crawler  
  58  4:04  Spore Crawler  
  58  4:05  Drone  
  58  4:08  Zergling x2  
  58  4:09  Drone x2  
  61  4:14  Drone  
  61  4:16  Drone  
  63  4:17  Drone x3  
  63  4:21  Overlord  
  66  4:27  Roach Warren  
  66  4:29  Drone x2  
  66  4:32  Drone x3  
  66  4:33  Drone  
  69  4:40  Spore Crawler, Overlord  
  69  4:41  Drone x2  
  69  4:44  Drone x2  
  71  4:50  Lair  
  71  4:52  Extractor x2  
  70  4:54  Zergling x2, Overlord  
  70  4:55  Drone  
  70  4:59  Overlord  
  71  5:00  Evolution Chamber  
  71  5:02  Zergling x4  
  72  5:08  Roach x3  
  72  5:10  Roach x2  
  72  5:11  Roach  
  83  5:21  Drone x4  
  83  5:22  Drone x5  
  94  5:28  Overlord  
  94  5:31  Drone  
  92  5:39  Queen x2, Overlord  
  92  5:40  Drone  
  92  5:41  Drone  
  98  5:43  Extractor  
  98  5:44  Extractor, Zerg Missile Weapons Level 1  
  98  5:46  Extractor  
  98  5:47  Overlord  
  98  5:49  Drone x3  
  97  5:53  Overlord  
  97  5:58  Drone x3, Spire  
  97  5:59  Drone  
  100  6:08  Drone x5  
  105  6:13  Drone x2  
  105  6:14  Hatchery  
  105  6:17  Queen  
  108  6:18  Queen  
  108  6:23  Queen  
  112  6:25  Glial Reconstitution  
  112  6:29  Drone x3  
  112  6:32  Spore Crawler  
  114  6:34  Drone x5  
  114  6:36  Drone  
  120  6:43  Drone x4  
  120  6:44  Infestation Pit  
  120  6:45  Overlord  
  123  6:47  Extractor  
  123  6:49  Overlord  
  123  6:51  Extractor  
  123  6:54  Drone x5  
  123  7:00  Overlord  
  126  7:02  Overlord  
  126  7:11  Drone  
  126  7:12  Drone  
  128  7:17  Corruptor x5  
  136  7:23  Corruptor x2  
  136  7:26  Corruptor  
  131  7:31  Corruptor x2  
  133  7:39  Corruptor x3  
  138  7:47  Corruptor x2  
  142  7:51  Corruptor  
  142  7:52  Corruptor  
  146  7:59  Zergling x2, Roach x6  
  146  8:00  Zergling x4  
  157  8:13  Roach x4  
  165  8:20  Overlord x4  
  165  8:24  Roach x3  
  165  8:25  Roach x2  
  165  8:26  Hatchery  
  173  8:29  Zerg Melee Weapons Level 1  
  173  8:30  Ravager x3  
  176  8:34  Overlord  
  176  8:35  Overlord  
  176  8:38  Baneling Nest  
  176  8:39  Ravager  
  176  8:40  Ravager, Roach x5  
  185  8:52  Roach x3  
  185  8:53  Roach x4  
  187  9:14  Roach  
  187  9:15  Queen  
  176  9:17  Roach x9  
  176  9:23  Hive  
  184  9:28  Queen x2  
  180  9:33  Roach x4  
  180  9:35  Centrifical Hooks  
  180  9:38  Roach x3  
  192  9:39  Ravager x3  
  194  9:47  Roach x2  
  198  9:54  Evolution Chamber  
  197  10:02  Drone  
  197  10:03  Drone  
  194  10:21  Zergling x12  
  194  10:25  Zerg Ground Armor Level 1, Zerg Melee Weapons Level 2  
  199  10:37  Adrenal Glands  
  199  10:40  Ultralisk Cavern, Greater Spire  
  198  10:42  Hatchery  
  198  10:45  Zergling x4  
  198  10:46  Baneling x12  
  197  10:57  Spore Crawler  
  197  10:58  Spine Crawler  
  197  11:03  Zergling x16  
  195  11:14  Baneling x4  
  188  11:19  Zergling x24  
  188  11:25  Baneling x14  
  196  11:26  Baneling x2  
  196  11:29  Zergling x16  
  198  11:37  Baneling  
  198  11:38  Baneling x14  
  198  11:45  Zergling x22, Roach x2  
  197  11:59  Zergling x22  
  193  12:04  Baneling x8  
  187  12:11  Brood Lord x6  
  191  12:16  Brood Lord  
  191  12:19  Baneling  
  191  12:20  Baneling x3  
  190  12:24  Zergling x18  
  190  12:29  Extractor x2  
  197  12:30  Brood Lord  
  196  12:37  Hatchery  
  196  12:39  Brood Lord  
  196  12:43  Zergling x8  
  188  12:57  Drone  
  188  12:58  Drone x2  
  191  13:16  Pneumatized Carapace  
  191  13:17  Zerg Flyer Weapons Level 1  
  190  13:28  Zerg Ground Armor Level 2  
  190  13:29  Zerg Melee Weapons Level 3  
  190  13:30  Chitinous Plating  
  192  13:36  Baneling x6  
  192  13:39  Hatchery  
  186  13:45  Drone x3  
  200  13:53  Viper x2  
  200  13:54  Corruptor x2  
  194  14:10  Unknown  
  194  14:13  Drone x5  
  194  14:14  Drone  
  198  14:19  Overseer  
  194  14:34  Zergling x12  
  194  14:35  Zergling x14  
  193  14:42  Zergling x8  
  195  14:56  Queen x2  
  188  15:25  Ultralisk x2  
  191  15:32  Ultralisk x5  
  191  15:34  Zergling x22  
  192  15:40  Zergling x2, Ultralisk  
  192  15:44  Zergling x6  
  194  15:53  Zergling x10  
  194  15:54  Zergling x2  
  194  15:58  Zergling x12  
  194  16:00  Anabolic Synthesis  
  199  16:10  Baneling x5  
  199  16:11  Baneling x4  
  199  16:12  Baneling x6  
  199  16:13  Baneling x16  
  199  16:17  Zergling x4  
  199  16:18  Zergling x6  
  199  16:24  Baneling x5  
  199  16:25  Baneling x25  
  198  16:26  Overseer  
  196  16:34  Zergling x10  
  195  16:42  Extractor  
Show
View Real Time Build Order
Export as new Build Order

Zoun Protoss 

Build Orders: 1 Gate Expand, Oracle Opening 

Get SALT Encoding   

  12  0:00  Probe  
  13  0:12  Probe  
  14  0:19  Pylon  
  14  0:24  Probe  
  15  0:37  Probe (Chrono Boost)  
  15  0:39  Gateway  
  16  0:47  Probe (Chrono Boost)  
  16  0:49  Assimilator  
  17  0:52  Probe (Chrono Boost)  
  18  1:04  Probe  
  19  1:16  Probe  
  20  1:26  Nexus  
  20  1:37  Cybernetics Core  
  20  1:40  Probe  
  20  1:46  Assimilator  
  21  1:52  Probe  
  22  1:54  Pylon  
  22  2:04  Probe  
  23  2:10  Adept (Chrono Boost)  
  23  2:13  Warp Gate  
  25  2:16  Probe  
  26  2:28  Probe (Chrono Boost), Stargate  
  27  2:33  Adept  
  29  2:38  Probe (Chrono Boost)  
  29  2:40  Probe (Chrono Boost)  
  31  2:47  Probe (Chrono Boost)  
  31  2:48  Probe (Chrono Boost)  
  33  3:00  Probe x2  
  33  3:03  Void Ray (Chrono Boost)  
  35  3:07  Gateway  
  40  3:12  Probe  
  40  3:13  Probe  
  40  3:17  Pylon  
  41  3:25  Probe x2  
  43  3:36  Oracle (Chrono Boost)  
  43  3:37  Probe  
  43  3:39  Probe  
  48  3:49  Probe  
  48  3:51  Probe  
  50  3:58  Nexus  
  50  3:59  Pylon  
  50  4:05  Probe x2, Assimilator  
  50  4:08  Assimilator  
  52  4:16  Stargate  
  52  4:19  Probe x2  
  52  4:23  Shield Battery  
  54  4:27  Pylon  
  54  4:31  Probe  
  54  4:33  Probe  
  53  4:43  Probe, Fleet Beacon  
  54  4:46  Probe  
  55  4:56  Probe  
  55  4:58  Probe, Pylon, Forge  
  57  5:02  Adept x2  
  61  5:08  Probe  
  61  5:10  Probe  
  61  5:11  Probe  
  64  5:20  Probe  
  65  5:23  Probe x2  
  65  5:25  Carrier (Chrono Boost)  
  65  5:26  Carrier (Chrono Boost)  
  73  5:32  Probe  
  73  5:35  Probe x2  
  82  5:36  Assimilator  
  82  5:37  Assimilator  
  82  5:40  Pylon  
  82  5:42  Protoss Ground Weapons Level 1  
  82  5:44  Probe  
  82  5:47  Probe x2  
  85  5:51  Photon Cannon  
  85  5:52  Twilight Council  
  85  5:56  Probe  
  86  5:57  Shield Battery  
  86  5:59  Photon Cannon  
  86  6:02  Photon Cannon  
  86  6:03  Photon Cannon  
  86  6:04  Shield Battery  
  86  6:08  Photon Cannon  
  86  6:13  Photon Cannon  
  86  6:15  Void Ray  
  86  6:16  Photon Cannon  
  86  6:17  Void Ray  
  94  6:28  Probe x2  
  96  6:34  Blink (Chrono Boost), Assimilator  
  96  6:39  Assimilator, Robotics Facility  
  96  6:42  Gateway  
  96  6:44  Probe x3, Gateway  
  96  6:45  Gateway x2  
  99  6:49  Pylon  
  99  6:54  Pylon  
  99  6:57  Gateway x2  
  99  7:12  Sentry, Adept  
  87  7:30  Probe  
  87  7:31  Probe x2  
  87  7:33  Observer  
  87  7:36  Robotics Bay  
  90  7:39  Robotics Facility  
  90  7:40  Adept  
  90  7:43  Probe x3  
  95  7:50  Protoss Ground Weapons Level 2 (Chrono Boost)  
  95  7:54  Warp Prism (Chrono Boost), Pylon  
  95  7:55  Probe x3, Sentry x2  
  95  7:56  Stalker x3  
  110  8:11  Photon Cannon  
  104  8:15  Photon Cannon  
  104  8:16  Stalker  
  104  8:17  Photon Cannon, Stalker x2  
  104  8:21  Gateway  
  104  8:24  Disruptor (Chrono Boost)  
  104  8:26  Disruptor (Chrono Boost)  
  102  8:27  Gateway  
  102  8:34  Stalker x2  
  110  8:43  Stalker x3  
  116  8:52  Disruptor  
  116  8:55  Stalker x2  
  123  9:01  Stalker  
  125  9:04  Observer  
  122  9:13  Pylon  
  122  9:14  Stalker  
  122  9:15  Pylon  
  120  9:26  Gateway  
  120  9:27  Gateway  
  120  9:28  Stalker x2  
  120  9:29  Gateway  
  120  9:30  Disruptor  
  127  9:31  Gateway  
  127  9:44  Gateway x2  
  127  9:49  Stalker x2  
  131  10:04  Stalker x2  
  135  10:10  Nexus  
  135  10:11  Pylon  
  135  10:16  Stalker x2  
  139  10:25  Stalker  
  141  10:29  Disruptor x2  
  141  10:30  Pylon x3  
  141  10:34  Shield Battery  
  147  10:40  Stalker  
  149  10:48  Stalker x4  
  149  10:49  Stalker  
  159  10:54  Stalker  
  155  11:05  Stalker x4  
  159  11:20  Stalker  
  159  11:21  Stalker x4  
  165  11:29  Stalker x2  
  165  11:30  Stalker  
  169  11:45  Observer  
  165  11:57  Disruptor x2  
  152  12:03  Stalker x6  
  164  12:14  Stalker  
  164  12:28  Observer  
  164  12:30  Pylon  
  164  12:32  Pylon  
  164  12:42  Nexus  
  164  12:43  Nexus  
  164  12:52  Pylon  
  164  12:59  Pylon  
  164  13:02  Pylon  
  164  13:04  Probe x2  
  166  13:07  Pylon  
  166  13:09  Tempest (Chrono Boost)  
  171  13:16  Probe  
  171  13:17  Tempest  
  177  13:20  Charge  
  177  13:23  Templar Archives, Protoss Air Weapons Level 1  
  177  13:26  Zealot x3  
  181  13:40  Stalker x3  
  184  13:53  Tempest (Chrono Boost)  
  189  13:59  Nexus  
  189  14:00  Pylon  
  184  14:07  Zealot  
  184  14:09  Tempest (Chrono Boost)  
  189  14:34  Tempest (Chrono Boost)  
  190  14:42  Tempest (Chrono Boost)  
  193  14:48  Zealot x3  
  188  14:53  High Templar  
  188  14:57  High Templar  
  188  14:58  Zealot  
  188  15:05  High Templar x2  
  188  15:06  High Templar x2  
  187  15:09  Archon  
  187  15:10  Archon, Shield Battery  
  181  15:18  Observer  
  181  15:20  Assimilator  
  182  15:22  Assimilator  
  125  15:39  Stalker x5  
  98  15:43  Stalker  
  98  15:48  Stalker x2  
  102  16:03  High Templar x4, Stalker  
  102  16:04  Stalker  
  109  16:07  Archon x2  
  109  16:08  Observer  
  109  16:09  Stalker x2  
  113  16:24  Zealot x2  
  113  16:27  Stalker x2  
  117  16:40  Stalker x3  
Tags
 
Add a new tag
Caveats
  • Supply blocks, unpowered buildings, or Contaminate may cause inaccurate times.
  • Supply counts are checked every 10 seconds.